 Dungeon Sprint DCSS version 0.17-a0-1324-ga541562 (webtiles) character file.

4244 Kidiri the Unseen (level 10, -5/44 HPs)
             Began as a Spriggan Enchanter on June 9, 2015.
             Was a High Priest of Dithmenos.
             Slain by a death yak (26 damage)
             ... in the Dungeon (Sprint IX: "|||||||||||||||||||||||||||||").
             The game lasted 00:05:15 (948 turns).

Kidiri the Unseen (Spriggan Enchanter)               Turns: 948, Time: 00:05:16

Health: -5/44      AC:  4    Str:  4    XL:     10   Next: 9%
Magic:  14/27      EV: 34    Int: 21    God:    Dithmenos [*****.]
Gold:   9          SH:  0    Dex: 19    Spells: 5 memorised, 22 levels left

rFire  . . .     SeeInvis +     n - +2 rapier (drain)
rCold  . . .     Clarity  .     b - +1 robe
rNeg   . . .     SustAt   .     (shield restricted)
rPois  .         Gourm    .     (helmet restricted)
rElec  .         Spirit   .     o - +0 cloak
rCorr  .         Warding  .     (gloves unavailable)
rMut   .         NoTele   +     (boots unavailable)
MR     +....                    (no amulet)
Stlth  ++++++++++               p - +3 ring of intelligence
                                q - +2 ring of evasion

@: wreathed by umbra, very quick, somewhat resistant to hostile enchantments,
uncannily stealthy
A: unfitting armour, see invisible, herbivore 3, speed 3, slow metabolism 2
a: Shadow Step, Shadow Form, Renounce Religion


You were in the Dungeon.
You worshipped Dithmenos.
Dithmenos was extremely pleased with you.
You were not hungry.

You visited 1 branch You collected 9 gold pieces.

Inventory:

Hand weapons
 a - a +1 dagger
 n - a +2 rapier of draining (weapon)
Armour
 b - a +1 robe (worn)
 o - a +0 cloak (worn)
Jewellery
 p - a +3 ring of intelligence (right hand)
 q - a +2 ring of evasion (left hand)
Magical devices
 m - a wand of cold (7)
Scrolls
 j - 2 scrolls of blinking
 k - 3 scrolls of remove curse
 l - 2 scrolls of amnesia
 t - 2 scrolls of fog
 u - a scroll of fear
 v - a scroll of recharging
 w - a scroll of identify
Potions
 e - a potion of invisibility
 f - 3 potions of heal wounds
 g - 4 potions of haste
 h - 4 potions of magic
 i - 4 potions of curing
 r - a potion of might
 s - a potion of resistance
Books
 c - a book of Maledictions

   Spells                             Type                      Level
   a - Corona                         Hexes                        1
   b - Ensorcelled Hibernation        Hexes/Ice                    2
   c - Confuse                        Hexes                        3
   d - Tukima's Dance                 Hexes                        3
   e - Dazzling Spray                 Conjuration/Hexes            3
Comestibles
 d - a bread ration


   Skills:
 * Level 11.3 Short Blades
 * Level 14.4 Dodging
 * Level 15.6 Stealth
 * Level 12.5 Spellcasting
 + Level 4.9 Conjurations
 + Level 9.5 Hexes
 + Level 5.5 Ice Magic


You had 22 spell levels left.
You knew the following spells:

 Your Spells              Type           Power        Failure   Level  Hunger
a - Corona                Hex            ######.      1%          1    None
b - Ensorcelled Hibernat  Hex/Ice        #####.       1%          2    None
c - Confuse               Hex            ######..     1%          3    None
d - Tukima's Dance        Hex            ######..     1%          3    None
e - Dazzling Spray        Conj/Hex       #####...     1%          3    None


Dungeon Overview and Level Annotations

Branches:
Dungeon (1/1)

Altars:
Cheibriados
Dithmenos
Elyvilon
Fedhas
Gozag
Kikubaaqudgha
Makhleb
Nemelex Xobeh
Okawaru
Qazlal
Ru
Sif Muna
Trog
Vehumet
Xom
Yredelemnul
Zin
The Shining One
Beogh
Jiyva
Lugonu


Innate Abilities, Weirdness & Mutations

You are tiny and cannot use many weapons and most armour.
You have supernaturally acute eyesight.
You are a herbivore.
You cover ground extremely quickly.
You need consume almost no food.


Message History

The death yak is lightly wounded.
Your shadow hits the death yak but does no damage.
The death yak completely misses you.
You barely miss the death yak.
The death yak is lightly wounded.
Your shadow hits the death yak but does no damage.
You barely miss the death yak.
The death yak is lightly wounded.
The death yak completely misses you.
Casting: Confuse
Confirm with . or Enter, or press ? or * to list all spells.
Aiming: Corona
Press: ? - help, Shift-Dir - straight line, f/p - death yak
Aim: a death yak (black smoke, moderately wounded, lightly drained, umbra, chance to defeat MR: 19%)
The death yak is outlined in light.
Your shadow mimicks your spell!
The death yak resists with almost no effort.
The death yak gores you!!
Ouch! That really hurt!
You die...

▓▓▓▓▓▓▓▓▓▓▓▓▓▓▓▓▓▓▓▓▓▓▓▓▓▓▓▓▓▓▓▓▓
____________'..|).[[..)†.....'.))
▓▓▓▓▓▓▓▓▓▓▓▓▓▓▓▓▓▓▓▓▓▓▓▓▓▓▓▓▓▓▓▓▓
.................................
▓▓▓▓▓▓▓▓▓▓▓▓▓▓▓▓▓▓▓▓▓▓▓▓▓▓▓▓▓▓▓▓▓
....'%%%......§§@YYYYY.%
▓▓▓▓▓▓▓▓▓▓▓▓▓▓▓▓▓▓▓▓▓▓▓▓


You could see 2 death yaks.

Vanquished Creatures
  2 catoblepae (D)
  A spiny frog (D)
  A komodo dragon (D)
  2 wyverns (D)
  3 yaks (D)
  A wolf (D)
  3 hippogriffs (D)
  A water moccasin (D)
  A porcupine (D)
  A sky beast (D)
  2 centaurs (D)
  3 crocodiles (D)
  A big kobold (D)
  2 giant frogs (D)
  A wight (D)
  A crimson imp (D)
  An orc wizard (D)
  2 iguanas (D)
  2 worker ants (D)
  A river rat (D)
  An ooze (D)
  2 bats (D)
  A giant cockroach (D)
  2 hobgoblins (D)
  A quokka (D)
  A ball python zombie (D)
  A giant newt (D)
  2 rats (D)
43 creatures vanquished.

Notes
Turn   | Place    | Note
--------------------------------------------------------------
     0 | D        | Kidiri the Spriggan Enchanter began the quest for the Orb.
     0 | D        | Reached XP level 1. HP: 9/9 MP: 5/5
    18 | D        | Reached skill level 5 in Stealth
   122 | D        | Noticed a worker ant
   122 | D        | Noticed a centaur
   135 | D        | Killed a worker ant
   135 | D        | Reached skill level 5 in Dodging
   135 | D        | Reached skill level 6 in Stealth
   135 | D        | Reached XP level 2. HP: 13/13 MP: 5/8
   135 | D        | Reached XP level 3. HP: 16/16 MP: 5/9
   141 | D        | Killed a centaur
   141 | D        | Reached skill level 7 in Stealth
   141 | D        | Reached skill level 5 in Spellcasting
   141 | D        | Reached skill level 5 in Hexes
   141 | D        | Reached XP level 4. HP: 14/21 MP: 6/12
   147 | D        | Reached skill level 8 in Stealth
   156 | D        | Learned a level 2 spell: Ensorcelled Hibernation
   160 | D        | Learned a level 3 spell: Confuse
   164 | D        | Learned a level 3 spell: Tukima's Dance
   168 | D        | Learned a level 3 spell: Dazzling Spray
   186 | D        | Found a glowing silver altar of Zin.
   186 | D        | Found a glowing golden altar of the Shining One.
   186 | D        | Found an ancient bone altar of Kikubaaqudgha.
   186 | D        | Found a basalt altar of Yredelemnul.
   186 | D        | Found a shimmering altar of Xom.
   186 | D        | Found a radiant altar of Vehumet.
   187 | D        | Found an iron altar of Okawaru.
   188 | D        | Found a burning altar of Makhleb.
   189 | D        | Found a deep blue altar of Sif Muna.
   190 | D        | Found a bloodstained altar of Trog.
   191 | D        | Found a sparkling altar of Nemelex Xobeh.
   192 | D        | Found a white marble altar of Elyvilon.
   193 | D        | Found a roughly hewn altar of Beogh.
   194 | D        | Found a viscous altar of Jiyva.
   195 | D        | Found a corrupted altar of Lugonu.
   196 | D        | Found a blossoming altar of Fedhas.
   197 | D        | Found a snail-covered altar of Cheibriados.
   198 | D        | Found a shadowy altar of Dithmenos.
   199 | D        | Found a stormy altar of Qazlal.
   200 | D        | Found an opulent altar of Gozag.
   201 | D        | Found a sacrificial altar of Ru.
   206 | D        | Became a worshipper of Dithmenos the Shadowed
   303 | D        | Noticed a big kobold
   303 | D        | Noticed a yak
   303 | D        | Noticed a crimson imp
   307 | D        | Killed a big kobold
   307 | D        | Reached skill level 5 in Short Blades
   307 | D        | Reached skill level 1 in Ice Magic
   307 | D        | Reached XP level 5. HP: 24/24 MP: 8/15
   310 | D        | Killed a yak
   310 | D        | Reached skill level 9 in Dodging
   310 | D        | Reached skill level 10 in Stealth
   310 | D        | Reached skill level 1 in Conjurations
   310 | D        | Reached XP level 6. HP: 28/28 MP: 6/17
   327 | D        | Killed a crimson imp
   327 | D        | Acquired Dithmenos's first power
   501 | D        | Noticed a sky beast
   501 | D        | Noticed a centaur
   501 | D        | Noticed a wight
   501 | D        | Noticed an orc wizard
   501 | D        | Noticed a worker ant
   501 | D        | Noticed a wyvern
   503 | D        | Killed a sky beast
   505 | D        | Killed a centaur
   505 | D        | Reached skill level 10 in Dodging
   505 | D        | Reached skill level 11 in Stealth
   505 | D        | Reached XP level 7. HP: 32/32 MP: 20/20
   507 | D        | Killed a wight
   509 | D        | Killed an orc wizard
   511 | D        | Killed a worker ant
   511 | D        | Acquired Dithmenos's second power
   513 | D        | Killed a wyvern
   723 | D        | Noticed a crocodile
   723 | D        | Noticed an iguana
   723 | D        | Noticed a giant frog
   723 | D        | Noticed a giant frog
   723 | D        | Noticed an iguana
   723 | D        | Noticed a crocodile
   724 | D        | Noticed a hippogriff
   725 | D        | Killed a crocodile
   725 | D        | Reached skill level 12 in Stealth
   726 | D        | Noticed a komodo dragon
   727 | D        | Killed an iguana
   729 | D        | Killed a giant frog
   729 | D        | Acquired Dithmenos's third power
   738 | D        | Killed a giant frog
   744 | D        | Killed an iguana
   744 | D        | Reached XP level 8. HP: 33/36 MP: 22/22
   746 | D        | Killed a crocodile
   749 | D        | Killed a hippogriff
   749 | D        | Reached skill level 10 in Spellcasting
   753 | D        | Killed a komodo dragon
   753 | D        | Reached skill level 13 in Stealth
   813 | D        | Noticed a hippogriff
   813 | D        | Noticed a yak
   813 | D        | Noticed a spiny frog
   813 | D        | Noticed a porcupine
   813 | D        | Noticed a wolf
   813 | D        | Noticed a crocodile
   814 | D        | Noticed a water moccasin
   815 | D        | Killed a hippogriff
   817 | D        | Noticed a hippogriff
   818 | D        | Killed a yak
   818 | D        | Acquired Dithmenos's fourth power
   824 | D        | Noticed a wyvern
   832 | D        | Killed a spiny frog
   832 | D        | Reached XP level 9. HP: 39/39 MP: 23/25
   834 | D        | Killed a porcupine
   836 | D        | Killed a wolf
   836 | D        | Reached skill level 10 in Short Blades
   836 | D        | Reached skill level 14 in Stealth
   838 | D        | Killed a crocodile
   849 | D        | Killed a water moccasin
   852 | D        | Killed a hippogriff
   854 | D        | Killed a wyvern
   854 | D        | Reached skill level 5 in Ice Magic
   920 | D        | Noticed a catoblepas
   920 | D        | Noticed a yak
   920 | D        | Noticed a catoblepas
   920 | D        | Noticed a death yak
   920 | D        | Noticed a death yak
   920 | D        | Noticed a yak
   921 | D        | Noticed a yak
   922 | D        | Killed a catoblepas
   922 | D        | Reached skill level 15 in Stealth
   923 | D        | Noticed a death yak
   924 | D        | Killed a yak
   926 | D        | Killed a catoblepas
   926 | D        | Reached XP level 10. HP: 44/44 MP: 25/27
   948 | D        | Slain by a death yak

Vault maps used:
D:        linesprint

Action                   |  1- 3 |  4- 6 |  7- 9 | 10-12 || total
-------------------------+-------+-------+-------+-------++-------
Melee: Dagger            |    25 |     6 |       |       ||    31
       Rapier            |       |    18 |    63 |    16 ||    97
 Cast: Corona            |     3 |       |       |     1 ||     4
       Ensorcelled Hiber |       |     3 |    14 |     2 ||    19
       Confuse           |       |     1 |       |     3 ||     4
  Use: Potion            |     2 |       |       |       ||     2
 Stab: Sleeping          |     1 |     4 |    20 |       ||    25
       Confused          |       |     1 |       |       ||     1
